Princes vs Carnivores (R1)

Created - 2 novembre 2012 at 20:16

Simulating a Pre-Season

Goals
1 2 3 T
Princes 1 1 2 4
Carnivores 1 3 3 7
Shots
1 2 3 T
Princes 11 9 11 31
Carnivores 10 18 19 47

1st period

1. Carnivores , Jeff Friesen 2 (Andrew Ference, Matt Cullen) at 3:35
2. Princes , Trevor Lewis 1 (Rhett Warrener, Tuomas Pihlman) at 12:01

Penalties :
Chris Butler (Bre) for Slashing (Minor) at 4:33, Tom Kostopoulos (Cal) for Holding (Minor) at 7:04, Michael Haley (Cal) for Hooking (Minor) at 17:40

2nd period

3. Carnivores , Jeff Halpern 1 (Matt Cullen, Janne Niinimaa) at 3:32
4. Carnivores , Jeff Halpern 2 (Jeff Tambellini, Janne Niinimaa) at 10:11
5. Princes , Ryan Hollweg 2 (Steve Downie, Rich Peverley) at 10:17
6. Carnivores , Jeff Friesen 3 (Matt Cullen, Andy Miele) at 15:07 (PP)

Penalties :
Andy Miele (Bre) for Roughing (Minor) at 3:58, Nate Prosser (Cal) for Hooking (Minor) at 3:58, Nate Prosser (Cal) for Tripping (Minor) at 6:38, Tanner Glass (Cal) for Cross-checking (Minor) at 14:53

3rd period

7. Princes , John Madden 1 (Chris Thorburn) at 0:35
8. Carnivores , Andy Miele 2 (Matt Cullen, Andrew Ference) at 0:49
9. Carnivores , Jeff Halpern 3 (Francis Lessard, Andrew Ference) at 5:58
10. Carnivores , Jeff Tambellini 3 (Janne Niinimaa, Ryan Mcdonagh) at 15:56
11. Princes , Ryan Hollweg 3 (Steve Downie, Kevin Shattenkirk) at 16:19 (PP)

Penalties :
Andrew Ference (Bre) for Hooking (Minor) at 0:54, Douglas Murray (Bre) for Cross-checking (Minor) at 6:45, Rich Peverley (Cal) for Interference (Minor) at 12:19, Jeff Friesen (Bre) for Holding (Minor) at 16:05, Sean Zimmerman (Cal) for Holding Stick (Minor) at 17:40

Goalie Stats

Manny Legace (Cal), 20 saves from 24 shots - (0,833), 35:07 minutes
Richard Bachman (Cal), 20 saves from 23 shots - (0,870), L, 0-2-0, 24:53 minutes
Josh Tordjman (Bre), 27 saves from 31 shots - (0,871), W, 4-0-0, 60:00 minutes

Players Stats for Princes

Player Name              G  A  P  +/- PIM S  H  SB GA TA FO     MP     PP MP  PK MP  
------------------------------------------------------------------------------------
Anthony Peluso           0  0  0   1  0   0  0  0  0  0  0/0     5:43   0:00   0:00 
Chris Thorburn           0  1  1  -2  0   1  2  0  1  0  0/0    17:03   2:45   0:00 
David Desharnais         0  0  0   0  0   0  1  0  0  0  1/4    10:02   0:08   0:00 
Jason Strudwick          0  0  0  -1  0   0  1  4  0  0  0/0    16:49   0:00   4:09 
John Madden              1  0  1  -2  0   6  1  0  1  0  13/26  19:49   2:45   5:45 
Kevin Shattenkirk        0  1  1   0  0   1  0  0  1  2  0/0    16:56   3:34   0:25 
Michael Haley            0  0  0   0  2   1  0  0  0  0  0/0     5:05   0:00   0:00 
Nate Prosser             0  0  0  -1  4   0  1  0  0  0  0/0     8:35   0:00   0:47 
P.J. Axelsson            0  0  0   0  0   0  1  0  0  0  0/0     6:20   0:00   5:45 
Rhett Warrener           0  1  1  -1  0   0  0  0  0  0  0/0     7:31   0:00   5:35 
Rich Peverley            0  1  1  -1  2   5  1  0  2  0  14/35  22:42   3:25   2:17 
Rostislav Klesla         0  0  0  -1  0   1  4  1  0  1  0/0    25:05   3:34   0:40 
Ryan Hollweg             2  0  2  -1  0   5  0  2  0  0  0/1    20:47   3:19   1:33 
Sean Zimmerman           0  0  0  -1  2   3  2  5  0  0  0/0    29:19   2:37   4:33 
Steve Downie             0  2  2  -1  0   3  3  0  0  0  1/4    23:17   3:19   2:07 
Tanner Glass             0  0  0   0  2   2  1  0  0  0  1/1    12:45   0:07   2:51 
Theo Peckham             0  0  0  -1  0   0  0  0  0  1  0/0    11:54   0:00   4:09 
Tom Kostopoulos          0  0  0   0  2   1  1  0  0  0  1/1     4:29   0:00   0:00 
Trevor Lewis             1  0  1   0  0   1  1  0  1  0  1/2     5:06   0:00   0:00 
Tuomas Pihlman           0  1  1  -2  0   1  0  1  1  0  0/0    13:37   2:45   0:00 
Yannick Weber            0  0  0  -1  0   0  0  0  0  0  0/0     4:51   2:37   0:00 

Players Stats for Carnivores

Player Name              G  A  P  +/- PIM S  H  SB GA TA FO     MP     PP MP  PK MP  
------------------------------------------------------------------------------------
Andrew Ference           0  3  3   3  2   2  0  0  0  1  0/0    19:18   4:31   1:38 
Andy Miele               1  1  2   1  2   5  5  0  1  0  1/1    19:10   5:31   0:00 
Cal O'Reilly             0  0  0   0  0   0  0  0  0  0  0/0     0:00   0:00   0:00 
Chris Butler             0  0  0  -1  2   0  1  1  0  0  0/0     7:50   0:00   0:00 
David Koci               0  0  0   0  0   0  1  0  0  0  0/0     1:14   0:00   1:07 
David Perron             0  0  0   0  0   0  0  0  0  0  1/1     8:31   0:15   0:00 
David Schlemko           0  0  0   0  0   0  0  0  0  0  0/0     4:24   0:00   0:54 
Douglas Murray           0  0  0   3  2   1  3  2  0  1  0/0    19:39   4:31   1:59 
Evgeny Dadonov           0  0  0   0  0   1  0  0  0  0  0/0     7:30   0:00   0:00 
Francis Lessard          0  1  1   2  0   0  3  0  0  0  0/0    16:50   4:23   0:00 
Janne Niinimaa           0  3  3   1  0   7  1  2  3  2  0/0    28:13   5:38   3:18 
Jeff Friesen             2  0  2   1  2   5  1  0  0  0  3/3    23:36   5:46   3:04 
Jeff Halpern             3  0  3   2  0   12 3  2  0  0  13/24  19:10   4:23   1:46 
Jeff Tambellini          1  1  2   2  0   5  4  0  0  1  0/1    19:10   4:23   1:46 
Jeremy Welsh             0  0  0   0  0   0  0  0  0  0  0/0     0:00   0:00   0:00 
Jordie Benn              0  0  0   0  0   0  0  0  0  0  0/0     3:22   0:00   0:00 
Kyle Wilson              0  0  0   0  0   0  0  0  0  0  0/0     0:00   0:00   0:00 
Manny Malhotra           0  0  0   0  0   0  0  1  0  1  1/3     7:30   0:00   0:00 
Matt Cullen              0  4  4   1  0   4  2  0  0  0  22/39  23:35   5:31   3:18 
Mikael Backlund          0  0  0   0  0   0  0  0  0  0  0/0     0:00   0:00   0:00 
Phil Oreskovic           0  0  0  -1  0   0  1  0  0  0  0/0     9:06   0:00   1:15 
Ryan Mcdonagh            0  1  1   1  0   1  3  0  0  1  0/0    28:13   5:38   3:18 
Tim Conboy               0  0  0   0  0   2  0  0  0  0  0/0     7:55   0:00   0:00 
Trent Whitfield          0  0  0   0  0   1  0  1  0  0  1/2     9:23   0:00   1:21 
Tyson Nash               0  0  0   0  0   1  2  0  0  0  0/0     8:06   0:15   0:00 

3 Stars

1 - Jeff Halpern (Bre)
2 - Matt Cullen (Bre)
3 - Jeff Tambellini (Bre)

Power Play

Princes - 1 on 4 Attempt(s) - 25,00%
Carnivores - 1 on 6 Attempt(s) - 16,67%

Penalty Kill

Princes - 5 on 6 Attempt(s) - 83,33% - Score 0 goal in Penalty Kill
Carnivores - 3 on 4 Attempt(s) - 75,00% - Score 0 goal in Penalty Kill

Official

Referees : Lee Chris and Pollock Kevin
Linesman : Thor Nelson and Andy McElman

Game Notes

Tom Kostopoulos is injured at 12:03 of 2nd period (Lower Body)
Richard Bachman enters game at 15:07 of 2nd period
Jeff Halpern has scored a Hat Trick!

Princes

5 vs 5 Forward 
   Center                   Left Wing                Right Wing               Time % Phy DF OF 
 1 Rich Peverley            Ryan Hollweg             Steve Downie             45     1   1  3  
 2 John Madden              Tuomas Pihlman           Chris Thorburn           30     1   2  2  
 3 David Desharnais         Tanner Glass             Tom Kostopoulos          20     1   2  2  
 4 Trevor Lewis             Michael Haley            Anthony Peluso           5      3   2  0  

5 vs 5 Defense 
   Defense                  Defense                                           Time % Phy DF OF 
 1 Rostislav Klesla         Sean Zimmerman                                    45     1   2  2  
 2 Jason Strudwick          Kevin Shattenkirk                                 30     1   2  2  
 3 Theo Peckham             Nate Prosser                                      20     0   2  3  
 4 Rhett Warrener           Yannick Weber                                     5      0   2  3  

PowerPlay Forward 
   Center                   Left Wing                Right Wing               Time % Phy DF OF 
 1 Rich Peverley            Ryan Hollweg             Steve Downie             60     0   0  5  
 2 John Madden              Tuomas Pihlman           Chris Thorburn           40     0   1  4  

PowerPlay Defense
   Defense                  Defense                                           Time % Phy DF OF 
 1 Kevin Shattenkirk        Rostislav Klesla                                  60     0   1  4  
 2 Sean Zimmerman           Yannick Weber                                     40     0   2  3  

Penalty Kill 4 Players Forward 
   Center                   Wing                     Time % Phy DF OF 
 1 John Madden              P.J. Axelsson            60     1   2  2  
 2 Rich Peverley            Tanner Glass             40     1   2  2  

Penalty Kill 4 Players Defense
   Defense                  Defense                  Time % Phy DF OF 
 1 Rhett Warrener           Sean Zimmerman           60     1   2  2  
 2 Jason Strudwick          Theo Peckham             40     1   2  2  

Penalty Kill - 3 Players Forward 
   Forward                                           Time % Phy DF OF 
 1 John Madden                                       60     1   2  2  
 2 P.J. Axelsson                                     40     1   2  2  

Penalty Kill - 3 Players Defense
   Defense                  Defense                  Time % Phy DF OF 
 1 Rhett Warrener           Sean Zimmerman           60     1   2  2  
 2 Jason Strudwick          Nate Prosser             40     1   2  2  

4 vs 4 Forward 
   Center                   Wing                     Time % Phy DF OF 
 1 Rich Peverley            Chris Thorburn           60     0   2  3  
 2 Ryan Hollweg             Steve Downie             40     1   1  3  

4 vs 4 Defense
   Defense                  Defense                  Time % Phy DF OF 
 1 Rostislav Klesla         Sean Zimmerman           60     0   3  2  
 2 Jason Strudwick          Nate Prosser             40     1   3  1  

Last Minutes Offensive
   Center                   Left Wing                Right Wing               Defense                  Defense                  
   Rich Peverley            Ryan Hollweg             Steve Downie             Kevin Shattenkirk        Rostislav Klesla         

Last Minutes Defensive
   Center                   Left Wing                Right Wing               Defense                  Defense                  
   John Madden              P.J. Axelsson            Steve Downie             Jason Strudwick          Sean Zimmerman           

Goaltenders
Starting : Manny Legace             
Backup : Richard Bachman          

Extra Forwards
Normal : Rich Peverley, Steve Downie, Chris Thorburn - PP : David Desharnais, Tanner Glass - PK : Steve Downie
Extra Defensemen
Normal : Sean Zimmerman, Kevin Shattenkirk, Rostislav Klesla - PP : Nate Prosser - PK : Nate Prosser, Rostislav Klesla
Penalty Shots
Tanner Glass, Tuomas Pihlman, Rich Peverley, Steve Downie, Ryan Hollweg

Carnivores

5 vs 5 Forward 
   Center                   Left Wing                Right Wing               Time % Phy DF OF 
 1 Matt Cullen              Jeff Friesen             Andy Miele               40     1   2  2  
 2 Jeff Halpern             Jeff Tambellini          Francis Lessard          30     1   2  2  
 3 Trent Whitfield          David Perron             Tim Conboy               20     1   2  2  
 4 Manny Malhotra           Tyson Nash               Evgeny Dadonov           10     1   2  2  

5 vs 5 Defense 
   Defense                  Defense                                           Time % Phy DF OF 
 1 Janne Niinimaa           Ryan Mcdonagh                                     40     1   2  2  
 2 Andrew Ference           Douglas Murray                                    30     1   2  2  
 3 Chris Butler             Phil Oreskovic                                    20     1   2  2  
 4 David Schlemko           Jordie Benn                                       10     1   2  2  

PowerPlay Forward 
   Center                   Left Wing                Right Wing               Time % Phy DF OF 
 1 Matt Cullen              Jeff Friesen             Andy Miele               60     1   2  2  
 2 Jeff Halpern             Jeff Tambellini          Francis Lessard          40     1   2  2  

PowerPlay Defense
   Defense                  Defense                                           Time % Phy DF OF 
 1 Janne Niinimaa           Ryan Mcdonagh                                     60     1   2  2  
 2 Andrew Ference           Douglas Murray                                    40     1   2  2  

Penalty Kill 4 Players Forward 
   Center                   Wing                     Time % Phy DF OF 
 1 Matt Cullen              Jeff Friesen             60     1   2  2  
 2 Jeff Halpern             Jeff Tambellini          40     1   2  2  

Penalty Kill 4 Players Defense
   Defense                  Defense                  Time % Phy DF OF 
 1 Janne Niinimaa           Ryan Mcdonagh            60     1   2  2  
 2 Andrew Ference           Douglas Murray           40     1   2  2  

Penalty Kill - 3 Players Forward 
   Forward                                           Time % Phy DF OF 
 1 Matt Cullen                                       60     1   2  2  
 2 Jeff Friesen                                      40     1   2  2  

Penalty Kill - 3 Players Defense
   Defense                  Defense                  Time % Phy DF OF 
 1 Janne Niinimaa           Ryan Mcdonagh            60     1   2  2  
 2 Andrew Ference           Douglas Murray           40     1   2  2  

4 vs 4 Forward 
   Center                   Wing                     Time % Phy DF OF 
 1 Matt Cullen              Jeff Friesen             60     1   2  2  
 2 Jeff Halpern             Jeff Tambellini          40     1   2  2  

4 vs 4 Defense
   Defense                  Defense                  Time % Phy DF OF 
 1 Janne Niinimaa           Ryan Mcdonagh            60     1   2  2  
 2 Andrew Ference           Douglas Murray           40     1   2  2  

Last Minutes Offensive
   Center                   Left Wing                Right Wing               Defense                  Defense                  
   Matt Cullen              Jeff Friesen             Andy Miele               Janne Niinimaa           Ryan Mcdonagh            

Last Minutes Defensive
   Center                   Left Wing                Right Wing               Defense                  Defense                  
   Matt Cullen              Jeff Friesen             Andy Miele               Janne Niinimaa           Ryan Mcdonagh            

Goaltenders
Starting : Josh Tordjman            
Backup : Steve Mason              

Extra Forwards
Normal : David Perron, Tyson Nash, Trent Whitfield - PP : David Perron, Tyson Nash - PK : Trent Whitfield
Extra Defensemen
Normal : Chris Butler, Phil Oreskovic, David Schlemko - PP : Chris Butler - PK : Phil Oreskovic, David Schlemko
Penalty Shots
Matt Cullen, Jeff Friesen, Jeff Halpern, Jeff Tambellini, David Perron

% Time on Ice - Princes

Lines # - Real PCT - Wanted PCT - Time Play
Normal Forward
1 - 38% - 45% - 15:55
2 - 26% - 30% - 10:52
3 - 24% - 20% - 9:48
4 - 12% - 5% - 5:06
Normal Defense
1 - 48% - 45% - 20:11
2 - 31% - 30% - 12:45
3 - 18% - 20% - 7:24
4 - 3% - 5% - 1:21
PP Forward
1 - 56% - 60% - 3:26
2 - 44% - 40% - 2:45
PP Defense
1 - 58% - 60% - 3:34
2 - 42% - 40% - 2:37
PK Forward
1 - 72% - 60% - 7:18
2 - 28% - 40% - 2:51
PK Defense
1 - 59% - 60% - 6:00
2 - 41% - 40% - 4:09
PK3 Forward
1 - 0% - 60%
2 - 0% - 40%
PK3 Defense
1 - 0% - 60%
2 - 0% - 40%
44 Forward
1 - 78% - 60% - 1:33
2 - 22% - 40% - 0:26
44 Defense
1 - 63% - 60% - 1:15
2 - 37% - 40% - 0:44
Last Minute Offensive  - 0:00
Last Minute Defensive  - 0:00
Total
Forward - 60:00
Defense - 60:00

% Time on Ice - Carnivores

Lines # - Real PCT - Wanted PCT - Time Play
Normal Forward
1 - 33% - 40% - 13:49
2 - 30% - 30% - 12:27
3 - 19% - 20% - 7:55
4 - 18% - 10% - 7:30
Normal Defense
1 - 44% - 40% - 18:14
2 - 29% - 30% - 12:14
3 - 19% - 20% - 7:51
4 - 8% - 10% - 3:22
PP Forward
1 - 57% - 60% - 5:46
2 - 43% - 40% - 4:23
PP Defense
1 - 56% - 60% - 5:38
2 - 44% - 40% - 4:31
PK Forward
1 - 71% - 60% - 4:25
2 - 29% - 40% - 1:46
PK Defense
1 - 53% - 60% - 3:18
2 - 47% - 40% - 2:53
PK3 Forward
1 - 0% - 60%
2 - 0% - 40%
PK3 Defense
1 - 0% - 60%
2 - 0% - 40%
44 Forward
1 - 71% - 60% - 1:25
2 - 29% - 40% - 0:34
44 Defense
1 - 53% - 60% - 1:03
2 - 47% - 40% - 0:56
Last Minute Offensive  - 0:00
Last Minute Defensive  - 0:00
Total
Forward - 60:00
Defense - 60:00

Play by Play

1st period


0:01 of 1st period - Rich Peverley wins face-off versus Matt Cullen in neutral zone.
0:48 of 1st period - Slapshot by Andrew Ference.
0:48 of 1st period - Shot Misses the Net.
0:56 of 1st period - Wrist shot by Tim Conboy.
0:56 of 1st period - Stopped by Manny Legace with a rebound.
1:28 of 1st period - Rostislav Klesla is hit by Jeff Friesen and loses puck.
2:16 of 1st period - Wrist shot by Tom Kostopoulos.
2:16 of 1st period - Shot Blocked by Janne Niinimaa.
2:18 of 1st period - Wrist shot by Tanner Glass.
2:18 of 1st period - Deflect By David Desharnais.
2:18 of 1st period - Shot Misses the Net.
2:18 of 1st period - Puck is out of play.
2:19 of 1st period - Matt Cullen wins face-off versus Rich Peverley in Carnivores zone.
2:24 of 1st period - Slapshot by Matt Cullen.
2:24 of 1st period - Shot Misses the Net.
2:26 of 1st period - Slapshot by Janne Niinimaa.
2:26 of 1st period - Deflect By Matt Cullen.
2:26 of 1st period - Stopped by Manny Legace without a rebound.
2:27 of 1st period - Rich Peverley wins face-off versus Matt Cullen in Princes zone.
2:32 of 1st period - Slapshot by Rich Peverley.
2:32 of 1st period - Stopped by Josh Tordjman with a rebound.
2:56 of 1st period - Ryan Hollweg is hit by Andy Miele and loses puck.
3:31 of 1st period - Snap shot by Matt Cullen.
3:31 of 1st period - Shot Misses the Net.
3:33 of 1st period - Slapshot by Andrew Ference.
3:33 of 1st period - Stopped by Manny Legace with a rebound.
3:35 of 1st period - Wrist shot by Jeff Friesen.
3:35 of 1st period - Goal by Jeff Friesen - Princes : 0 - Carnivores : 1.
3:36 of 1st period - John Madden wins face-off versus Jeff Halpern in neutral zone.
3:48 of 1st period - Off-side.
3:49 of 1st period - Jeff Halpern wins face-off versus John Madden in neutral zone.
4:00 of 1st period - Snap shot by Jeff Tambellini.
4:00 of 1st period - Stopped by Manny Legace with a rebound.
4:02 of 1st period - Slapshot by Janne Niinimaa.
4:02 of 1st period - Shot Blocked by Jason Strudwick.
4:04 of 1st period - Slapshot by Ryan Mcdonagh.
4:04 of 1st period - Stopped by Manny Legace with a rebound.
4:11 of 1st period - Icing by John Madden.
4:12 of 1st period - David Perron wins face-off versus John Madden in Princes zone.
4:17 of 1st period - Slapshot by Tim Conboy.
4:17 of 1st period - Stopped by Manny Legace without a rebound.
4:18 of 1st period - Tom Kostopoulos wins face-off versus Trent Whitfield in Princes zone.
4:18 of 1st period - Tom Kostopoulos is hit by Chris Butler.
4:33 of 1st period - Minor Penalty to Chris Butler for Slashing.
4:34 of 1st period - Matt Cullen wins face-off versus Rich Peverley in Carnivores zone.
4:49 of 1st period - Wrist shot by Rich Peverley.
4:49 of 1st period - Stopped by Josh Tordjman with a rebound.
5:05 of 1st period - Wrist shot by Jeff Tambellini.
5:05 of 1st period - Shot Blocked by Sean Zimmerman.
5:25 of 1st period - John Madden is hit by Matt Cullen and loses puck.
6:33 of 1st period - Penalty to Chris Butler is over, Chris Butler is back on ice.
7:04 of 1st period - Minor Penalty to Tom Kostopoulos for Holding.
7:05 of 1st period - Andy Miele wins face-off versus John Madden in Princes zone.
7:36 of 1st period - Slapshot by Janne Niinimaa.
7:36 of 1st period - Shot Blocked by Jason Strudwick.
7:38 of 1st period - Wrist shot by Jeff Tambellini.
7:38 of 1st period - Shot Misses the Net.
7:40 of 1st period - Snap shot by Jeff Halpern.
7:40 of 1st period - Shot Misses the Net.
8:10 of 1st period - Jeff Tambellini is hit by Sean Zimmerman and loses puck.
8:39 of 1st period - John Madden is hit by Andy Miele and loses puck.
9:01 of 1st period - Jeff Tambellini is hit by Steve Downie and loses puck.
9:04 of 1st period - Penalty to Tom Kostopoulos is over, Tom Kostopoulos is back on ice.
10:29 of 1st period - Jason Strudwick is hit by Andy Miele and loses puck.
12:01 of 1st period - Slapshot by Trevor Lewis.
12:01 of 1st period - Goal by Trevor Lewis - Princes : 1 - Carnivores : 1.
12:02 of 1st period - Rich Peverley wins face-off versus Matt Cullen in neutral zone.
13:21 of 1st period - Wrist shot by Manny Malhotra.
13:21 of 1st period - Deflect By Evgeny Dadonov.
13:21 of 1st period - Shot Misses the Net.
13:21 of 1st period - Puck is out of play.
13:22 of 1st period - Matt Cullen wins face-off versus John Madden in Princes zone.
13:23 of 1st period - Snap shot by Jeff Friesen.
13:23 of 1st period - Deflect By Andy Miele.
13:23 of 1st period - Stopped by Manny Legace with a rebound.
13:31 of 1st period - Slapshot by Rostislav Klesla.
13:31 of 1st period - Deflect By John Madden.
13:31 of 1st period - Stopped by Josh Tordjman without a rebound.
13:32 of 1st period - Matt Cullen wins face-off versus John Madden in Carnivores zone.
13:43 of 1st period - Slapshot by John Madden.
13:43 of 1st period - Stopped by Josh Tordjman without a rebound.
13:44 of 1st period - Rich Peverley wins face-off versus Matt Cullen in Carnivores zone.
13:45 of 1st period - Snap shot by Steve Downie.
13:45 of 1st period - Shot Hit the Post.
13:51 of 1st period - Snap shot by Andy Miele.
13:51 of 1st period - Stopped by Manny Legace with a rebound.
13:53 of 1st period - Snap shot by Matt Cullen.
13:53 of 1st period - Shot Blocked by Ryan Hollweg.
13:55 of 1st period - Snap shot by Jeff Friesen.
13:55 of 1st period - Stopped by Manny Legace without a rebound.
13:56 of 1st period - Steve Downie wins face-off versus Jeff Halpern in Princes zone.
14:01 of 1st period - Jeff Halpern is hit by Steve Downie and loses puck.
14:13 of 1st period - Off-side.
14:14 of 1st period - Matt Cullen wins face-off versus John Madden in neutral zone.
14:48 of 1st period - Wrist shot by Tim Conboy.
14:48 of 1st period - Shot Hit the Post.
14:50 of 1st period - Snap shot by Andrew Ference.
14:50 of 1st period - Shot Misses the Net.
14:52 of 1st period - Wrist shot by Trent Whitfield.
14:52 of 1st period - Shot Misses the Net.
14:59 of 1st period - Icing by Kevin Shattenkirk.
15:00 of 1st period - Rich Peverley wins face-off versus Jeff Halpern in Princes zone.
15:05 of 1st period - Ryan Mcdonagh is hit by Jason Strudwick and loses puck.
15:12 of 1st period - Snap shot by Rich Peverley.
15:12 of 1st period - Stopped by Josh Tordjman with a rebound.
15:14 of 1st period - Wrist shot by Rich Peverley.
15:14 of 1st period - Stopped by Josh Tordjman without a rebound.
15:15 of 1st period - Rich Peverley wins face-off versus Matt Cullen in Carnivores zone.
15:16 of 1st period - Wrist shot by Ryan Hollweg.
15:16 of 1st period - Shot Misses the Net.
15:18 of 1st period - Snap shot by Rostislav Klesla.
15:18 of 1st period - Stopped by Josh Tordjman with a rebound.
15:20 of 1st period - Slapshot by Steve Downie.
15:20 of 1st period - Shot Hit the Post.
15:22 of 1st period - Wrist shot by Steve Downie.
15:22 of 1st period - Stopped by Josh Tordjman with a rebound.
15:24 of 1st period - Snap shot by Ryan Hollweg.
15:24 of 1st period - Stopped by Josh Tordjman without a rebound.
15:25 of 1st period - Matt Cullen wins face-off versus Rich Peverley in Carnivores zone.
15:30 of 1st period - Rostislav Klesla is hit by Ryan Mcdonagh and loses puck.
16:02 of 1st period - Snap shot by Rich Peverley.
16:02 of 1st period - Shot Misses the Net.
16:44 of 1st period - Wrist shot by Ryan Hollweg.
16:44 of 1st period - Shot Misses the Net.
16:46 of 1st period - Slapshot by Sean Zimmerman.
16:46 of 1st period - Stopped by Josh Tordjman without a rebound.
16:47 of 1st period - Jeff Halpern wins face-off versus John Madden in Carnivores zone.
17:12 of 1st period - Jason Strudwick is hit by Douglas Murray and loses puck.
17:40 of 1st period - Minor Penalty to Michael Haley for Hooking.
17:41 of 1st period - Jeff Halpern wins face-off versus John Madden in Princes zone.
18:02 of 1st period - John Madden is hit by Jeff Halpern.
18:44 of 1st period - Icing by Francis Lessard.
18:45 of 1st period - John Madden wins face-off versus Jeff Halpern in Carnivores zone.
19:39 of 1st period - Icing by Andy Miele.
19:40 of 1st period - Penalty to Michael Haley is over, Michael Haley is back on ice.
19:40 of 1st period - Matt Cullen wins face-off versus Steve Downie in Carnivores zone.
19:40 of 1st period - Matt Cullen is hit by Nate Prosser.

2nd period


0:01 of 2nd period - Jeff Halpern wins face-off versus Rich Peverley in neutral zone.
0:10 of 2nd period - Snap shot by Jeff Halpern.
0:10 of 2nd period - Stopped by Manny Legace without a rebound.
0:11 of 2nd period - Jeff Halpern wins face-off versus Rich Peverley in Princes zone.
0:12 of 2nd period - Backhand shot by Jeff Tambellini.
0:12 of 2nd period - Stopped by Manny Legace without a rebound.
0:13 of 2nd period - Jeff Halpern wins face-off versus Rich Peverley in Princes zone.
0:20 of 2nd period - Snap shot by Jeff Halpern.
0:20 of 2nd period - Stopped by Manny Legace with a rebound.
0:22 of 2nd period - Slapshot by Ryan Mcdonagh.
0:22 of 2nd period - Shot Misses the Net.
0:24 of 2nd period - Wrist shot by Jeff Halpern.
0:24 of 2nd period - Shot Misses the Net.
0:26 of 2nd period - Slapshot by Janne Niinimaa.
0:26 of 2nd period - Shot Blocked by Sean Zimmerman.
0:28 of 2nd period - Backhand shot by Jeff Halpern.
0:28 of 2nd period - Stopped by Manny Legace with a rebound.
1:19 of 2nd period - Slapshot by Janne Niinimaa.
1:19 of 2nd period - Stopped by Manny Legace with a rebound.
1:21 of 2nd period - Slapshot by Janne Niinimaa.
1:21 of 2nd period - Shot Misses the Net.
1:23 of 2nd period - Snap shot by Trent Whitfield.
1:23 of 2nd period - Shot Misses the Net.
1:25 of 2nd period - Snap shot by Trent Whitfield.
1:25 of 2nd period - Shot Blocked by Jason Strudwick.
1:27 of 2nd period - Slapshot by Janne Niinimaa.
1:27 of 2nd period - Stopped by Manny Legace with a rebound.
1:29 of 2nd period - Snap shot by Trent Whitfield.
1:29 of 2nd period - Stopped by Manny Legace without a rebound.
1:30 of 2nd period - Jeff Halpern wins face-off versus Rich Peverley in Princes zone.
1:31 of 2nd period - Wrist shot by Jeff Tambellini.
1:31 of 2nd period - Shot Misses the Net.
1:43 of 2nd period - Slapshot by Steve Downie.
1:43 of 2nd period - Shot Blocked by Douglas Murray.
1:45 of 2nd period - Slapshot by Rostislav Klesla.
1:45 of 2nd period - Shot Blocked by Jeff Halpern.
2:05 of 2nd period - Slapshot by Matt Cullen.
2:05 of 2nd period - Shot Blocked by Jason Strudwick.
2:08 of 2nd period - Icing by Kevin Shattenkirk.
2:09 of 2nd period - Jeff Halpern wins face-off versus John Madden in Princes zone.
2:10 of 2nd period - Slapshot by Jeff Tambellini.
2:10 of 2nd period - Stopped by Manny Legace with a rebound.
2:40 of 2nd period - Snap shot by Jeff Friesen.
2:40 of 2nd period - Shot Misses the Net.
2:42 of 2nd period - Snap shot by Chris Butler.
2:42 of 2nd period - Deflect By Matt Cullen.
2:42 of 2nd period - Shot Misses the Net.
2:42 of 2nd period - Puck is out of play.
2:43 of 2nd period - Matt Cullen wins face-off versus Rich Peverley in Princes zone.
3:16 of 2nd period - Jeff Friesen is hit by Tom Kostopoulos.
3:32 of 2nd period - Snap shot by Jeff Halpern.
3:32 of 2nd period - Goal by Jeff Halpern - Princes : 1 - Carnivores : 2.
3:33 of 2nd period - Jeff Halpern wins face-off versus Rich Peverley in neutral zone.
3:58 of 2nd period - Slapshot by John Madden.
3:58 of 2nd period - Stopped by Josh Tordjman without a rebound.
3:58 of 2nd period - Minor Penalty to Andy Miele for Roughing.
3:58 of 2nd period - Minor Penalty to Nate Prosser for Hooking.
3:59 of 2nd period - Matt Cullen wins face-off versus Rich Peverley in Carnivores zone.
4:38 of 2nd period - Snap shot by Ryan Hollweg.
4:38 of 2nd period - Shot Blocked by Jeff Halpern.
4:40 of 2nd period - Slapshot by Rostislav Klesla.
4:40 of 2nd period - Deflect By Ryan Hollweg.
4:40 of 2nd period - Shot Blocked by Douglas Murray.
4:40 of 2nd period - Puck is out of play.
4:41 of 2nd period - Jeff Halpern wins face-off versus Ryan Hollweg in Carnivores zone.
5:58 of 2nd period - Penalty to Andy Miele is over, Andy Miele is back on ice.
5:58 of 2nd period - Penalty to Nate Prosser is over, Nate Prosser is back on ice.
6:14 of 2nd period - Wrist shot by Janne Niinimaa.
6:14 of 2nd period - Stopped by Manny Legace without a rebound.
6:15 of 2nd period - Jeff Halpern wins face-off versus David Desharnais in Princes zone.
6:36 of 2nd period - Nate Prosser is hit by Jeff Tambellini and loses puck.
6:38 of 2nd period - Minor Penalty to Nate Prosser for Tripping.
6:39 of 2nd period - John Madden wins face-off versus Matt Cullen in Princes zone.
6:52 of 2nd period - Sean Zimmerman is hit by Matt Cullen and loses puck.
8:38 of 2nd period - Penalty to Nate Prosser is over, Nate Prosser is back on ice.
8:50 of 2nd period - Slapshot by Sean Zimmerman.
8:50 of 2nd period - Shot Misses the Net.
8:59 of 2nd period - Off-side.
9:00 of 2nd period - Rich Peverley wins face-off versus Manny Malhotra in neutral zone.
9:20 of 2nd period - Kevin Shattenkirk is hit by Tyson Nash and loses puck.
10:01 of 2nd period - Snap shot by Jeff Friesen.
10:01 of 2nd period - Stopped by Manny Legace without a rebound.
10:02 of 2nd period - Jeff Halpern wins face-off versus John Madden in Princes zone.
10:09 of 2nd period - Wrist shot by Jeff Tambellini.
10:09 of 2nd period - Shot Misses the Net.
10:11 of 2nd period - Snap shot by Jeff Halpern.
10:11 of 2nd period - Goal by Jeff Halpern - Princes : 1 - Carnivores : 3.
10:12 of 2nd period - Rich Peverley wins face-off versus Matt Cullen in neutral zone.
10:17 of 2nd period - Snap shot by Ryan Hollweg.
10:17 of 2nd period - Goal by Ryan Hollweg - Princes : 2 - Carnivores : 3.
10:18 of 2nd period - Matt Cullen wins face-off versus Rich Peverley in neutral zone.
10:21 of 2nd period - Ryan Hollweg is hit by Andy Miele and loses puck.
10:55 of 2nd period - Snap shot by Rich Peverley.
10:55 of 2nd period - Deflect By Ryan Hollweg.
10:55 of 2nd period - Stopped by Josh Tordjman with a rebound.
10:57 of 2nd period - Snap shot by Steve Downie.
10:57 of 2nd period - Shot Misses the Net.
10:59 of 2nd period - Wrist shot by Rich Peverley.
10:59 of 2nd period - Stopped by Josh Tordjman with a rebound.
11:17 of 2nd period - Snap shot by Janne Niinimaa.
11:17 of 2nd period - Deflect By David Perron.
11:17 of 2nd period - Shot Blocked by Ryan Hollweg.
11:17 of 2nd period - Puck is out of play.
11:18 of 2nd period - John Madden wins face-off versus Matt Cullen in Princes zone.
11:18 of 2nd period - John Madden is hit by Douglas Murray.
11:44 of 2nd period - Andrew Ference is hit by Rostislav Klesla and loses puck.
11:50 of 2nd period - Off-side.
11:51 of 2nd period - Tanner Glass wins face-off versus Jeff Halpern in neutral zone.
11:56 of 2nd period - Wrist shot by Tom Kostopoulos.
11:56 of 2nd period - Stopped by Josh Tordjman with a rebound.
12:02 of 2nd period - Tom Kostopoulos is hit by Jeff Halpern and loses puck.
12:03 of 2nd period - Tom Kostopoulos from Princes is injured at 12:03 of 2nd period (Lower Body).
12:04 of 2nd period - Rich Peverley wins face-off versus Matt Cullen in Princes zone.
12:22 of 2nd period - Rich Peverley is hit by Ryan Mcdonagh and loses puck.
12:41 of 2nd period - Tuomas Pihlman is hit by Francis Lessard and loses puck.
12:56 of 2nd period - Slapshot by Janne Niinimaa.
12:56 of 2nd period - Stopped by Manny Legace with a rebound.
13:07 of 2nd period - Icing by David Perron.
13:08 of 2nd period - Trent Whitfield wins face-off versus Trevor Lewis in Carnivores zone.
13:26 of 2nd period - Icing by Kevin Shattenkirk.
13:27 of 2nd period - Trevor Lewis wins face-off versus Matt Cullen in Princes zone.
13:27 of 2nd period - Trevor Lewis is hit by Andy Miele.
13:38 of 2nd period - Wrist shot by Kevin Shattenkirk.
13:38 of 2nd period - Deflect By Michael Haley.
13:38 of 2nd period - Stopped by Josh Tordjman without a rebound.
13:39 of 2nd period - Matt Cullen wins face-off versus Rich Peverley in Carnivores zone.
14:09 of 2nd period - Douglas Murray is hit by Chris Thorburn and loses puck.
14:53 of 2nd period - Minor Penalty to Tanner Glass for Cross-checking.
14:54 of 2nd period - John Madden wins face-off versus Matt Cullen in Princes zone.
15:07 of 2nd period - Slapshot by Jeff Friesen.
15:07 of 2nd period - Goal by Jeff Friesen - Princes : 2 - Carnivores : 4.
15:07 of 2nd period - Richard Bachman enters game.
15:08 of 2nd period - Matt Cullen wins face-off versus Rich Peverley in neutral zone.
15:08 of 2nd period - Matt Cullen is hit by Rostislav Klesla.
15:20 of 2nd period - Snap shot by Janne Niinimaa.
15:20 of 2nd period - Stopped by Richard Bachman without a rebound.
15:21 of 2nd period - Matt Cullen wins face-off versus Rich Peverley in Princes zone.
15:46 of 2nd period - Francis Lessard is hit by John Madden.
15:56 of 2nd period - Snap shot by Jeff Halpern.
15:56 of 2nd period - Shot Blocked by Sean Zimmerman.
16:28 of 2nd period - Icing by Sean Zimmerman.
16:29 of 2nd period - Manny Malhotra wins face-off versus David Desharnais in Princes zone.
16:30 of 2nd period - Snap shot by Tyson Nash.
16:30 of 2nd period - Stopped by Richard Bachman with a rebound.
17:04 of 2nd period - Phil Oreskovic is hit by Steve Downie and loses puck.
17:10 of 2nd period - Icing by Evgeny Dadonov.
17:11 of 2nd period - John Madden wins face-off versus Manny Malhotra in Carnivores zone.
17:12 of 2nd period - Wrist shot by Chris Thorburn.
17:12 of 2nd period - Shot Misses the Net.
17:14 of 2nd period - Snap shot by Tuomas Pihlman.
17:14 of 2nd period - Stopped by Josh Tordjman with a rebound.
17:16 of 2nd period - Wrist shot by John Madden.
17:16 of 2nd period - Stopped by Josh Tordjman with a rebound.
17:18 of 2nd period - Slapshot by Jason Strudwick.
17:18 of 2nd period - Shot Blocked by Chris Butler.
17:37 of 2nd period - Snap shot by Evgeny Dadonov.
17:37 of 2nd period - Stopped by Richard Bachman with a rebound.
18:07 of 2nd period - Snap shot by Tyson Nash.
18:07 of 2nd period - Shot Blocked by Tuomas Pihlman.
18:15 of 2nd period - Wrist shot by John Madden.
18:15 of 2nd period - Stopped by Josh Tordjman without a rebound.
18:16 of 2nd period - Matt Cullen wins face-off versus Rich Peverley in Carnivores zone.
18:21 of 2nd period - Slapshot by Janne Niinimaa.
18:21 of 2nd period - Stopped by Richard Bachman without a rebound.
18:22 of 2nd period - Rich Peverley wins face-off versus Matt Cullen in Princes zone.
18:44 of 2nd period - Icing by Rich Peverley.
18:45 of 2nd period - David Desharnais wins face-off versus Jeff Halpern in Princes zone.
18:45 of 2nd period - David Desharnais is hit by Francis Lessard.
18:53 of 2nd period - Theo Peckham is hit by Jeff Tambellini and loses puck.
19:33 of 2nd period - Francis Lessard is hit by David Desharnais and loses puck.

3rd period


0:01 of 3rd period - Jeff Friesen wins face-off versus Rich Peverley in neutral zone.
0:06 of 3rd period - Snap shot by Matt Cullen.
0:06 of 3rd period - Shot Blocked by Sean Zimmerman.
0:08 of 3rd period - Wrist shot by Jeff Friesen.
0:08 of 3rd period - Stopped by Richard Bachman with a rebound.
0:10 of 3rd period - Snap shot by Andy Miele.
0:10 of 3rd period - Shot Misses the Net.
0:30 of 3rd period - Jeff Tambellini is hit by Rostislav Klesla and loses puck.
0:35 of 3rd period - Slapshot by John Madden.
0:35 of 3rd period - Goal by John Madden - Princes : 3 - Carnivores : 4.
0:36 of 3rd period - Matt Cullen wins face-off versus Rich Peverley in neutral zone.
0:39 of 3rd period - Snap shot by Andrew Ference.
0:39 of 3rd period - Shot Blocked by Sean Zimmerman.
0:41 of 3rd period - Wrist shot by Matt Cullen.
0:41 of 3rd period - Stopped by Richard Bachman with a rebound.
0:43 of 3rd period - Wrist shot by Matt Cullen.
0:43 of 3rd period - Shot Misses the Net.
0:49 of 3rd period - Wrist shot by Andy Miele.
0:49 of 3rd period - Goal by Andy Miele - Princes : 3 - Carnivores : 5.
0:50 of 3rd period - Jeff Friesen wins face-off versus Rich Peverley in neutral zone.
0:54 of 3rd period - Minor Penalty to Andrew Ference for Hooking.
0:55 of 3rd period - Matt Cullen wins face-off versus Steve Downie in Carnivores zone.
1:31 of 3rd period - Slapshot by Kevin Shattenkirk.
1:31 of 3rd period - Shot Misses the Net.
2:54 of 3rd period - Penalty to Andrew Ference is over, Andrew Ference is back on ice.
4:02 of 3rd period - Manny Malhotra is hit by Trevor Lewis and loses puck.
4:38 of 3rd period - Rostislav Klesla is hit by Jeff Tambellini and loses puck.
5:18 of 3rd period - Tanner Glass is hit by Phil Oreskovic and loses puck.
5:39 of 3rd period - Theo Peckham is hit by Douglas Murray and loses puck.
5:58 of 3rd period - Slapshot by Jeff Halpern.
5:58 of 3rd period - Goal by Jeff Halpern - Princes : 3 - Carnivores : 6.
5:59 of 3rd period - Matt Cullen wins face-off versus Steve Downie in neutral zone.
6:45 of 3rd period - Minor Penalty to Douglas Murray for Cross-checking.
6:46 of 3rd period - Matt Cullen wins face-off versus Rich Peverley in Carnivores zone.
7:01 of 3rd period - Snap shot by Ryan Hollweg.
7:01 of 3rd period - Shot Misses the Net.
7:55 of 3rd period - Phil Oreskovic is hit by Chris Thorburn and loses puck.
8:10 of 3rd period - John Madden is hit by David Koci and loses puck.
8:17 of 3rd period - Tuomas Pihlman is hit by Janne Niinimaa.
8:45 of 3rd period - Penalty to Douglas Murray is over, Douglas Murray is back on ice.
8:58 of 3rd period - Snap shot by Trevor Lewis.
8:58 of 3rd period - Shot Blocked by Manny Malhotra.
9:20 of 3rd period - Jordie Benn is hit by Tanner Glass and loses puck.
9:33 of 3rd period - Nate Prosser is hit by Tyson Nash and loses puck.
10:28 of 3rd period - Snap shot by Matt Cullen.
10:28 of 3rd period - Shot Misses the Net.
10:50 of 3rd period - Snap shot by Jeff Halpern.
10:50 of 3rd period - Stopped by Richard Bachman with a rebound.
10:52 of 3rd period - Snap shot by Jeff Halpern.
10:52 of 3rd period - Deflect By Jeff Tambellini.
10:52 of 3rd period - Stopped by Richard Bachman without a rebound.
10:53 of 3rd period - Rich Peverley wins face-off versus Jeff Halpern in Princes zone.
11:17 of 3rd period - Wrist shot by Jeff Halpern.
11:17 of 3rd period - Shot Blocked by Rostislav Klesla.
11:37 of 3rd period - Snap shot by Jeff Halpern.
11:37 of 3rd period - Stopped by Richard Bachman with a rebound.
11:39 of 3rd period - Snap shot by Jeff Halpern.
11:39 of 3rd period - Stopped by Richard Bachman without a rebound.
11:40 of 3rd period - Matt Cullen wins face-off versus John Madden in Princes zone.
12:09 of 3rd period - Andrew Ference is hit by Rich Peverley.
12:19 of 3rd period - Minor Penalty to Rich Peverley for Interference.
12:20 of 3rd period - Jeff Friesen wins face-off versus John Madden in Princes zone.
12:47 of 3rd period - Sean Zimmerman is hit by Francis Lessard and loses puck.
12:52 of 3rd period - Wrist shot by Jeff Halpern.
12:52 of 3rd period - Stopped by Richard Bachman with a rebound.
12:54 of 3rd period - Slapshot by Andrew Ference.
12:54 of 3rd period - Stopped by Richard Bachman without a rebound.
12:55 of 3rd period - John Madden wins face-off versus Matt Cullen in Princes zone.
13:04 of 3rd period - Douglas Murray is hit by P.J. Axelsson.
13:21 of 3rd period - Snap shot by Douglas Murray.
13:21 of 3rd period - Stopped by Richard Bachman without a rebound.
13:22 of 3rd period - John Madden wins face-off versus Jeff Halpern in Princes zone.
13:47 of 3rd period - Wrist shot by Matt Cullen.
13:47 of 3rd period - Stopped by Richard Bachman without a rebound.
13:48 of 3rd period - John Madden wins face-off versus Matt Cullen in Princes zone.
14:19 of 3rd period - Penalty to Rich Peverley is over, Rich Peverley is back on ice.
14:39 of 3rd period - Wrist shot by Andy Miele.
14:39 of 3rd period - Stopped by Richard Bachman without a rebound.
14:40 of 3rd period - Jeff Halpern wins face-off versus David Desharnais in Princes zone.
14:43 of 3rd period - Wrist shot by Jeff Halpern.
14:43 of 3rd period - Stopped by Richard Bachman with a rebound.
14:49 of 3rd period - Slapshot by Sean Zimmerman.
14:49 of 3rd period - Stopped by Josh Tordjman with a rebound.
14:51 of 3rd period - Slapshot by Sean Zimmerman.
14:51 of 3rd period - Stopped by Josh Tordjman with a rebound.
14:53 of 3rd period - Wrist shot by Tanner Glass.
14:53 of 3rd period - Stopped by Josh Tordjman without a rebound.
14:54 of 3rd period - John Madden wins face-off versus Jeff Halpern in Carnivores zone.
15:01 of 3rd period - Snap shot by Chris Thorburn.
15:01 of 3rd period - Stopped by Josh Tordjman without a rebound.
15:02 of 3rd period - John Madden wins face-off versus Jeff Halpern in Carnivores zone.
15:50 of 3rd period - Slapshot by Jeff Halpern.
15:50 of 3rd period - Stopped by Richard Bachman with a rebound.
15:56 of 3rd period - Snap shot by Jeff Tambellini.
15:56 of 3rd period - Goal by Jeff Tambellini - Princes : 3 - Carnivores : 7.
15:57 of 3rd period - Rich Peverley wins face-off versus Matt Cullen in neutral zone.
16:05 of 3rd period - Minor Penalty to Jeff Friesen for Holding.
16:06 of 3rd period - Rich Peverley wins face-off versus Matt Cullen in Carnivores zone.
16:09 of 3rd period - Snap shot by Rich Peverley.
16:09 of 3rd period - Shot Blocked by Trent Whitfield.
16:11 of 3rd period - Backhand shot by Kevin Shattenkirk.
16:11 of 3rd period - Shot Blocked by Janne Niinimaa.
16:13 of 3rd period - Snap shot by Kevin Shattenkirk.
16:13 of 3rd period - Stopped by Josh Tordjman with a rebound.
16:15 of 3rd period - Snap shot by Ryan Hollweg.
16:15 of 3rd period - Stopped by Josh Tordjman with a rebound.
16:19 of 3rd period - Wrist shot by Ryan Hollweg.
16:19 of 3rd period - Goal by Ryan Hollweg - Princes : 4 - Carnivores : 7.
16:20 of 3rd period - Matt Cullen wins face-off versus Rich Peverley in neutral zone.
16:31 of 3rd period - Wrist shot by Matt Cullen.
16:31 of 3rd period - Stopped by Richard Bachman with a rebound.
16:33 of 3rd period - Snap shot by Andy Miele.
16:33 of 3rd period - Stopped by Richard Bachman with a rebound.
16:35 of 3rd period - Snap shot by Janne Niinimaa.
16:35 of 3rd period - Stopped by Richard Bachman without a rebound.
16:36 of 3rd period - John Madden wins face-off versus Jeff Halpern in Princes zone.
16:36 of 3rd period - John Madden is hit by Jeff Tambellini.
16:41 of 3rd period - Off-side.
16:42 of 3rd period - John Madden wins face-off versus Jeff Tambellini in neutral zone.
16:42 of 3rd period - Chris Thorburn is hit by Jeff Halpern and loses puck.
16:48 of 3rd period - Rostislav Klesla is hit by Ryan Mcdonagh and loses puck.
16:53 of 3rd period - Snap shot by Chris Thorburn.
16:53 of 3rd period - Deflect By Jeff Tambellini.
16:53 of 3rd period - Shot Hit the Post.
16:53 of 3rd period - Puck is out of play.
16:54 of 3rd period - Rich Peverley wins face-off versus Matt Cullen in Carnivores zone.
16:55 of 3rd period - Wrist shot by Steve Downie.
16:55 of 3rd period - Stopped by Josh Tordjman with a rebound.
16:57 of 3rd period - Wrist shot by Steve Downie.
16:57 of 3rd period - Stopped by Josh Tordjman without a rebound.
16:58 of 3rd period - Matt Cullen wins face-off versus Rich Peverley in Carnivores zone.
16:58 of 3rd period - Matt Cullen is hit by Sean Zimmerman.
17:40 of 3rd period - Minor Penalty to Sean Zimmerman for Holding Stick.
17:41 of 3rd period - Matt Cullen wins face-off versus John Madden in Princes zone.
19:06 of 3rd period - Slapshot by Rich Peverley.
19:06 of 3rd period - Deflect By Tanner Glass.
19:06 of 3rd period - Stopped by Josh Tordjman with a rebound.
19:34 of 3rd period - Tyson Nash is hit by Rostislav Klesla and loses puck.
19:40 of 3rd period - Penalty to Sean Zimmerman is over, Sean Zimmerman is back on ice.


Output by the SimonT Hockey Simulator (STHS) for François Prévost -- Original Page W3C XHTML 1.0 Valid
Hockey Simulator - Hockey Simulation - Hockey Manager